 Dungeon Crawl Stone Soup version 0.30.1-10-g1249ef9ec4 (webtiles) character file.

Game seed: 9774036028480426790

257 7w4c the Covert (level 5, -5/39 HPs)
             Began as a Vampire Brigand on Oct 26, 2023.
             Was a Follower of Fedhas.
             Slain by an iguana (9 damage)
             ... on level 3 of the Dungeon.
             The game lasted 00:08:06 (2237 turns).

7w4c the Covert (Vampire Brigand)                   Turns: 2237, Time: 00:08:07

Health: -5/39      AC:  3    Str: 10    XL:     5   Next: 93%
Magic:  5/5        EV: 13    Int: 14    God:    Fedhas [*.....]
Gold:   126        SH:  0    Dex: 17    Spells: 4/4 levels left

rFire   . . .        a - +2 dagger
rCold   . . .        (no shield)
rNeg    . . .        j - +0 robe {Will+}
rPois   .            (no helmet)
rElec   .            c - +0 cloak
rCorr   .            (no gloves)
SInv    +            (no boots)
Will    +....        (no amulet)
Stlth   ++++         (no ring)
HPRegen 0.46/turn    (no ring)
MPRegen 0.09/turn

%: no passive effects
@: healing quickly
A: alive, fangs 3, see invisible, vampiric 2
a: Exsanguinate, Renounce Religion


You were on level 3 of the Dungeon.
You worshipped Fedhas.
Fedhas was aware of your devotion.
You visited 1 branch of the dungeon, and saw 3 of its levels.

You collected 126 gold pieces.

Inventory:

Hand Weapons
 a - a +2 dagger (weapon)
Missiles
 d - 19 poisoned darts (quivered)
 h - 3 curare-tipped darts
Armour
 c - a +0 cloak (worn)
 j - a +0 robe of willpower (worn)
Jewellery
 o - an amulet of the acrobat
Wands
 m - a wand of polymorph (2)
Scrolls
 f - 3 scrolls of identify {unknown}
 g - a scroll of fog
 i - a scroll of blinking {unknown}
Potions
 b - 2 potions of curing {unknown}
 e - a potion of flight {unknown}
 k - a potion of haste {unknown}
 l - a potion of magic {unknown}
 n - a potion of attraction {unknown}
 p - a potion of lignification {unknown}


   Skills:
 + Level 2.5 Fighting
 + Level 3.5 Short Blades
 + Level 2.0 Throwing
 + Level 2.6 Dodging
 + Level 8.8 Stealth


You had 4 spell levels left.
You didn't know any spells.
Your spell library contained the following spells:

 Spells                   Type           Power      Damage    Failure   Level
 Cigotuvi's Dreadful Rot  Necr/Pois/Air  0%         N/A       41%         2
 Ignite Poison            Fire/Tmut/Pois 0%         N/A       65%         3
 Freezing Cloud           Conj/Ice/Air   0%         6-21      100%        5


Dungeon Overview and Level Annotations

Branches:
Dungeon (3/15)

Altars:
Fedhas


Innate Abilities, Weirdness & Mutations

Your natural rate of healing is accelerated.
You have razor-sharp teeth.
You have supernaturally acute eyesight. (SInv)
You are afflicted with vampirism and can become a bat while bloodless.


Message History

You barely miss the iguana. You bite the iguana, but do no damage.
The iguana bites you!
You hit the iguana. You bite the iguana.
The iguana is lightly wounded.
The iguana bites you.
You hit the iguana.
The iguana is lightly wounded.
The iguana bites you!
You barely miss the iguana.
The iguana is lightly wounded.
You hit the iguana but do no damage. You punch the iguana, but do no damage.
You bite the iguana, but do no damage.
The iguana is lightly wounded.
The iguana misses you.
You hit the iguana.
The iguana is heavily wounded.
The iguana bites you!
* * * LOW HITPOINT WARNING * * *
You hit the iguana.
The iguana is heavily wounded.
The iguana closely misses you.
You barely miss the iguana.
The iguana is heavily wounded.
The iguana barely misses you.
You hit the iguana but do no damage.
The iguana is heavily wounded.
You hit the iguana.
The iguana is heavily wounded.
The iguana barely misses you.
You barely miss the iguana. You bite the iguana.
The iguana is severely wounded.
The iguana completely misses you.
You hit the iguana but do no damage.
The iguana is severely wounded.
The iguana barely misses you.
You closely miss the iguana. Your bite misses the iguana.
The iguana is severely wounded.
The iguana bites you!
You die...
Fedhas appreciates your contribution to the ecosystem.

#.#.# #####.#######.## #.#.#
#.# ####.##
#######)..########.# #...~~#
.................).####.~~≈~†
########..########......._≈..
#..# #.####.~~~~# #..# #.#
#.~≈..# #..#### #.# ###...#
#....@# #.# #.### ##.##l#
#.######.# #.##.#
#..#.......#
#.#.).#....########
#.......... ###...#....
##.###### #.#


You could see an iguana.

Vanquished Creatures
  Sigmund (D:2)
  3 adders
  2 dart slugs (D:1)
  10 endoplasms
  3 giant cockroaches (D:1)
  8 goblins
  4 hobgoblins
  3 jackals (D:2)
  9 kobolds
  4 quokkas
  6 ball pythons
  A bat (D:3)
  4 rats
58 creatures vanquished.

Notes
Turn   | Place    | Note
-------+----------+-------------------------------------------
     0 | D:1      | 7w4c the Vampire Brigand began the quest for the Orb.
     0 | D:1      | Reached XP level 1. HP: 16/16 MP: 1/1
    25 | D:1      | Reached skill level 6 in Stealth
   275 | D:1      | Reached XP level 2. HP: 20/22 MP: 2/2
   464 | D:1      | Reached skill level 7 in Stealth
   478 | D:1      | Gained mutation: You are afflicted with vampirism and can
                  | become a bat while bloodless. [Vampire growth]
   478 | D:1      | Reached XP level 3. HP: 27/27 MP: 3/3
   934 | D:2      | Noticed Sigmund
   950 | D:2      | Killed Sigmund
   951 | D:2      | Reached skill level 8 in Stealth
   951 | D:2      | Reached XP level 4. HP: 20/34 MP: 4/4
   951 | D:2      | Reached XP level 5. HP: 23/39 MP: 5/5
  1345 | D:2      | Found a faded altar of an unknown god.
  1679 | D:2      | Prayed at the altar of an unknown god.
  1679 | D:2      | Became a worshipper of Fedhas Madash
  1679 | D:2      | Reached * piety under Fedhas
  1983 | D:3      | Found a blossoming altar of Fedhas.
  2230 | D:3      | HP: 1/39 [iguana (13)]
  2237 | D:3      | Slain by an iguana

Illustrated notes

Levels and vault maps discovered:
D:1:      roderic_crop_circles_arrival_small, layout_basic, st_stairs_5
D:2:      layout_loops_ring, basic_ecumenical_altar, uniq_sigmund
D:3:      layout_loops_ring, fedhas_altar_2, portal_sewer_entry_a,
          serial_park_tiny_2

Skill      XL: |  1  2  3  4  5 |
---------------+----------------+-----
Stealth        | 6 7 8 |  8.8
Fighting       | 2 |  2.5
Short Blades   | 3 |  3.5
Dodging        | 2 |  2.6
Throwing       | 2 |  2.0

Action                     |  1- 3 |  4- 6 || total
---------------------------+-------+-------++-------
  Melee: Dagger            |    66 |   105 ||   171
         Bite              |     6 |    12 ||    18
         Punch             |       |     1 ||     1
  Throw: Dart              |     5 |       ||     5
    Use: Scroll            |       |     1 ||     1
   Stab: Sleeping          |     7 |     8 ||    15
 Armour: Robe              |    16 |    10 ||    26
  Dodge: Dodged            |    37 |    62 ||    99
